 Dungeon Crawl Stone Soup version 0.21-a0-270-g8204059 (webtiles) character file.

42 tidbits the Changer (level 3, -2/27 HPs)
             Began as a Demigod Transmuter on Sept 13, 2017.
             Slain by a kobold
             ... wielding a +0 club
              (3 damage)
             ... on level 1 of the Dungeon.
             The game lasted 00:05:19 (573 turns).

tidbits the Changer (Demigod Transmuter)             Turns: 573, Time: 00:05:20

Health: -2/27      AC:  2    Str: 13    XL:     3   Next: 19%
Magic:  5/8        EV: 19    Int: 19    God:
Gold:   65         SH:  0    Dex: 21    Spells: 0/6 levels left

rFire    . . .     SeeInvis .     - Unarmed
rCold    . . .     Gourm    .   (shield currently unavailable)
rNeg     . . .     Faith    .   (armour currently unavailable)
rPois    x         Spirit   .   (helmet currently unavailable)
rElec    .         Reflect  .   (cloak currently unavailable)
rCorr    .         Harm     .   (gloves currently unavailable)
MR       .....                  (boots currently unavailable)
Stlth    ++........             (no amulet)
HPRegen  0.09/turn              (no ring)
MPRegen  0.11/turn              (no ring)

@: spider-form
A: high mp 1
a: End Transformation


You were on level 1 of the Dungeon.
You were not hungry.
You were a venomous arachnid creature.
You visited 1 branch of the dungeon, and saw 2 of its levels.

You collected 65 gold pieces.

Inventory:

Hand Weapons
 a - a +2 short sword of speed (melded)
   (You found it on level 2 of the Dungeon)
Missiles
 h - 77 stones (quivered)
 q - 30 arrows
Armour
 b - a +0 robe (melded)
 j - a +2 scale mail of fire resistance
   (You found it on level 1 of the Dungeon)
Scrolls
 e - a scroll of enchant weapon {unknown}
 f - a scroll of recharging {unknown}
 i - 2 scrolls of identify {unknown}
 k - a scroll of blinking {unknown}
 m - a scroll of amnesia {unknown}
 o - 2 scrolls of teleportation {unknown}
Potions
 g - a potion of berserk rage
 n - a potion of degeneration {unknown}
Books
 c - a book of Changes

   Spells                             Type                      Level
   a - Beastly Appendage              Transmutation                1
   b - Sticks to Snakes               Transmutation                2
   c - Spider Form                    Transmutation/Poison         3
   d - Ice Form                       Ice/Transmutation            4
   e - Blade Hands                    Transmutation                5
Comestibles
 d - a bread ration
 l - a royal jelly
 p - a meat ration
 r - 3 fruits


   Skills:
 - Level 0.8 Fighting
 - Level 1.7 Dodging
 + Level 2.9 Unarmed Combat
 - Level 2.0 Spellcasting
 - Level 3.0 Transmutations


You couldn't memorise any spells.
You knew the following spells:

 Your Spells              Type           Power        Failure   Level  Hunger
e - Beastly Appendage     Tmut           ##....       14%         1    #......
k - Sticks to Snakes      Tmut           ##......     19%         2    ###....
p - Spider Form           Tmut/Pois      #.........   47%         3    ###....


Dungeon Overview and Level Annotations

Branches:
Dungeon (2/15)


Innate Abilities, Weirdness & Mutations

You have an increased reservoir of magic. (+10% MP)


Message History

Confirm with . or Enter, or press ? or * to list all spells.
You create a snake!
You now have 30 arrows.
The adder closely misses you.
Your ball python barely misses the adder.
Your ball python grabs the adder.
Your ball python constricts the adder.
You hit the adder.
The adder is moderately wounded.
The adder closely misses you.
Your ball python bites the adder but does no damage.
Your ball python constricts the adder.
You hit the adder.
The adder is almost dead.
The adder barely misses you.
You hit the adder.
The adder is almost dead.
Your ball python bites the adder.
The adder dies!
You have reached level 3!
Your experience leads to a dramatic increase in your attributes!
Increase (S)trength, (I)ntelligence, or (D)exterity?
You feel clever. x2
Unknown command.
Okay, then.
Memorise Spider Form, consuming 3 spell levels and leaving 0?
You start memorising the spell.
You continue memorising. x3
You finish memorising.
Spell assigned to 'p'.
Your transformation is almost over.
A kobold comes into view. It is wielding a short sword.
Your horns disappear.
Casting: Sticks to Snakes
Confirm with . or Enter, or press ? or * to list all spells.
You grow a pair of large bovine horns.
The kobold shouts!
The kobold throws a stone.
The stone closely misses you.
You swap places.
A goblin comes into view.
You swap places.
Your transformation is almost over.
The goblin hits you.
* * * LOW HITPOINT WARNING * * *
You see here a stone.
The goblin hits you.
* * * LOW HITPOINT WARNING * * *
You closely miss the goblin. You headbutt the goblin.
The goblin is severely wounded.
Your ball python barely misses the goblin. x2
The goblin completely misses you.
You hit the goblin.
You kill the goblin!
Your Transmutations skill increases to level 3!
The kobold throws a stone.
The stone hits you.
* * * LOW HITPOINT WARNING * * *
A kobold comes into view. It is wielding a dagger.
The kobold moves out of view.
The kobold hits you but does no damage.
You hit the kobold. Your headbutt misses the kobold.
The kobold is severely wounded.
The kobold drinks a potion.
The kobold is healed!
You hit the kobold.
You kill the kobold!
h - 60 stones (gained 1)
Your horns disappear.
h - 77 stones (gained 17)
o - 2 scrolls labeled FIZUTA PYEN (gained 1)
You see here a short sword.
You swap places.
Your ball python withers and dies!
Found 12 gold pieces.
Found a meat ration.
Unknown command.
p - a meat ration
Found a stone staircase leading up.
You now have 65 gold pieces (gained 12).
A giant cockroach comes into view.
Found an escape hatch in the ceiling.
Casting: Beastly Appendage
Confirm with . or Enter, or press ? or * to list all spells.
You grow a pair of large bovine horns.
The giant cockroach completely misses you.
You hit the giant cockroach.
You kill the giant cockroach!
You see here a giant cockroach corpse.
Found an escape hatch in the floor.
Found a stone staircase leading down.
There is a stone staircase leading up here.
You climb upwards.
A rat and 2 kobolds come into view.
The kobold shouts! x2
The kobold closely misses you. The kobold hits you with a short sword.
* * * LOW HITPOINT WARNING * * *
The kobold closely misses you. The rat misses you.
The kobold hits you but does no damage.
Found 17 gold pieces and a scroll labeled BEPTUM VOMA.
There is a stone staircase leading down here.
Casting: Beastly Appendage
Confirm with . or Enter, or press ? or * to list all spells.
Your horns disappear.
You turn into a venomous arachnid creature.
Your +2 short sword of speed melds into your body.
Your +0 robe melds into your body.
The kobold hits you with a short sword.
* * * LOW HITPOINT WARNING * * *
The rat completely misses you. The kobold hits you with a club.
You die...

# # # # # #.
# #.### ####
#
####.#.#.#.##
#
............#
##
##.......##
.#
#....s....#
.#
##..KKr..##
.#
#..........#
.# #
##..$....#.#
.#.#
#..........#
.#.###
##.#.#.#.#.#
..... ####
.###.# .#.#
.? # ...#


You could see 2 kobolds and a rat.

Vanquished Creatures
  2 adders (D:2)
  A bat (D:1)
  2 giant cockroaches (D:2)
  2 goblins (D:2)
  4 hobgoblins
  2 frilled lizards
  2 kobolds (D:2)
  2 rats
17 creatures vanquished.

Vanquished Creatures (collateral kills)
  An adder (D:2)
1 creature vanquished.

Grand Total: 18 creatures vanquished

Notes
Turn   | Place    | Note
-------+----------+-------------------------------------------
     0 | D:1      | tidbits the Demigod Transmuter began the quest for the Orb.
     0 | D:1      | Reached XP level 1. HP: 15/15 MP: 5/5
   152 | D:1      | Reached skill level 2 in Spellcasting
   324 | D:2      | Reached skill level 2 in Transmutations
   324 | D:2      | Reached XP level 2. HP: 7/22 MP: 5/7
   334 | D:2      | HP: 3/33 [adder (2)]
   339 | D:2      | HP: 2/33 [poisoned by an adder]
   344 | D:2      | HP: 1/33 [poisoned by an adder]
   397 | D:2      | Learned a level 2 spell: Sticks to Snakes
   482 | D:2      | Reached XP level 3. HP: 7/27 MP: 3/8
   487 | D:2      | Learned a level 3 spell: Spider Form
   507 | D:2      | Reached skill level 3 in Transmutations
   573 | D:1      | HP: 1/27 [kobold/short sword (6)]
   573 | D:1      | Slain by a kobold

Vault maps used:
D:1:      minmay_arrival_semitransparent, st_stairs_4
D:2:      lemuel_round_altar, nicolae_ru_great_annihilating_truth

Skill      XL: |  1  2  3 |
---------------+----------+-----
Spellcasting   | 2 |  2.0
Transmutations | 2 3 |  3.0
Fighting       | |  0.8
Dodging        | |  1.7
Unarmed Combat | |  2.9

Action                   || total
-------------------------++-------
Melee: Unarmed           ||    19
       Short sword       ||    23
       Kick              ||     9
       Headbutt          ||     3
 Cast: Beastly Appendage ||    13
       Sticks to Snakes  ||     3
       Spider Form       ||     1
  Use: Potion            ||     3
Armor: Robe              ||     3
       Skin              ||     2
Dodge: Dodged            ||    23

Table legend:
 A = Spawn XP
 B = Non-spawn XP
 C = Spawn XP percentage of total XP
 D = Spawn monster count
 E = Non-spawn monster count
 F = Spawn count percentage of total count
 G = Total turns spent on level
                    A         B        C        D         E        F      G
               +---------+---------+-------+---------+---------+-------+---------
         Total |       0 |      61 |   0.0 |       0 |      18 |   0.0 |   573
               +---------+---------+-------+---------+---------+-------+---------
           D:1 |       0 |       8 |   0.0 |       0 |       5 |   0.0 |   241
           D:2 |       0 |      53 |   0.0 |       0 |      13 |   0.0 |   332
               +---------+---------+-------+---------+---------+-------+---------

Table legend:
 A = Turns spent in this place as a percentage of turns spent in the entire game.
 B = Non-inter-level travel turns spent in this place as a percentage of non-inter-level travel turns spent in the entire game.
 C = Inter-level travel turns spent in this place as a percentage of turns spent in this place.
 D = Turns resting spent in this place as a percentage of non-inter-level travel turns spent in this place.
 E = Turns spent auto-exploring this place as a percentage of non-inter-level travel turns spent in this place.
 F = Non-inter-level travel turns spent in this place divided by the number of levels of this place that you've seen.
                   A       B       C       D       E      F
               +-------+-------+-------+-------+-------+----------------------
         Total | 100.0 | 100.0 |   2.8 |   0.0 |   0.0 | 278.5
       Dungeon | 100.0 | 100.0 |   2.8 |   0.0 |   0.0 | 278.5
               +-------+-------+-------+-------+-------+----------------------

Table legend:
 A = Kills in this place as a percentage of kills in entire the game.
 B = Kills by you in this place as a percentage of kills by you in the entire game.
 C = Kills by friends in this place as a percentage of kills by friends in the entire game.
 D = Other kills in this place as a percentage of other kills in the entire game.
 E = Experience gained in this place as a percentage of experience gained in the entire game.
 F = Experience gained in this place divided by the number of levels of this place that you have seen.
                   A       B       C       D       E      F
               +-------+-------+-------+-------+-------+----------------------
         Total | 100.0 | 100.0 | 100.0 |   N/A | 100.0 |  30.5
       Dungeon | 100.0 | 100.0 | 100.0 |   N/A | 100.0 |  30.5
               +-------+-------+-------+-------+-------+----------------------

Vault maps used:
D:1:      minmay_arrival_semitransparent, st_stairs_4
D:2:      lemuel_round_altar, nicolae_ru_great_annihilating_truth
